 Dungeon Crawl Stone Soup version 0.30-a0-1085-g990a428a5c (webtiles) character file.

Game seed: 3477611673951164136

37 jimonade the Grasshopper (level 3, 0/33 HPs)
             Began as a Naga Warper on Apr 16, 2023.
             Slain by a goblin
             ... wielding a +0 dagger
              (1 damage)
             ... on level 2 of the Dungeon.
             The game lasted 00:01:39 (1272 turns).

jimonade the Grasshopper (Naga Warper)              Turns: 1272, Time: 00:01:40

Health: 0/33       AC:  3    Str: 15    XL:     3   Next: 39%
Magic:  6/6        EV:  9    Int: 13    God:
Gold:   26         SH:  0    Dex: 16    Spells: 6/6 levels left

rFire   . . .      SeeInvis +    a - +0 spear
rCold   . . .      Faith    .    (no shield)
rNeg    . . .      Spirit   .    b - +0 leather armour
rPois   +          Reflect  .    (no helmet)
rElec   .          Rampage  .    (no cloak)
rCorr   .                        g - +0 pair of gloves
Will    .....                    (no barding)
Stlth   +                        (no amulet)
HPRegen 0.25/turn                m - +6 ring of dexterity
MPRegen 0.10/turn                (no ring)

@: slowed, very slow
A: AC +1, large, see invisible, deformed body, poison resistance, slowness 2,
spit poison 1, naga tail 1
a: Spit Poison


You were on level 2 of the Dungeon.
You visited 1 branch of the dungeon, and saw 2 of its levels.

You collected 26 gold pieces.

Inventory:

Hand Weapons
 a - a +0 spear (weapon)
 o - a +0 mace
 r - a +0 hand axe
Missiles
 d - 7 boomerangs of dispersal
 h - 3 poisoned darts
 l - 5 atropa-tipped darts
Armour
 b - a +0 leather armour (worn)
 g - a +0 pair of gloves (worn)
Jewellery
 f - a ring of fire
 m - a +6 ring of dexterity (left hand)
 p - a +4 ring of protection
Scrolls
 c - a scroll of blinking
 i - a scroll of teleportation {unknown}
 j - a scroll of noise {unknown}
 q - a scroll of fog {unknown}
Potions
 e - a potion of heal wounds {unknown}
 k - a potion of lignification {unknown}
 n - a potion of brilliance {unknown}


   Skills:
 + Level 2.6 Fighting
 + Level 2.2 Polearms
 + Level 0.8 Throwing
 + Level 1.0 Armour
 + Level 1.7 Dodging
 + Level 0.4 Stealth
 + Level 2.1 Spellcasting
 + Level 3.4 Translocations


You had 6 spell levels left.
You didn't know any spells.
Your spell library contained the following spells:

 Spells                   Type           Power      Damage    Failure   Level
 Blink                    Tloc           20%        N/A       12%         2
 Lesser Beckoning         Tloc           20%        N/A       12%         2
 Teleport Other           Tloc           10%        N/A       22%         3
 Vhi's Electric Charge    Tloc/Air       10%        N/A       41%         3
 Manifold Assault         Tloc           10%        N/A       58%         4


Dungeon Overview and Level Annotations

Branches:
Dungeon (2/15)

Altars:

Annotations:
D:2 Natasha


Innate Abilities, Weirdness & Mutations

Your serpentine skin is tough. (AC +1)
You have supernaturally acute eyesight. (SInv)
Armour fits poorly on your strangely shaped body.
Your system is resistant to poisons. (rPois)
You cover ground very slowly.
You can spit poison.
You have a snake-like lower body.


Message History

The cerulean imp hits you from afar with a +0 spear.
The goblin hits you but does no damage.
Aiming: Spit Poison (2% risk of failure)
Press: ? - help, Q - select action, (/) - cycle Shift-Dir - straight line, f/p - Natasha
Aim: Natasha (heavily wounded, 50% to hit)
The splash of poison misses Natasha.
Natasha claws you but does no damage.
The cerulean imp hits you but does no damage.
The goblin hits you with a +0 dagger.
You barely miss Natasha.
Natasha is heavily wounded.
Natasha claws you.
The cerulean imp hits you from afar with a +0 spear.
* * * LOW HITPOINT WARNING * * *
The goblin hits you but does no damage.
You barely miss Natasha.
Natasha is heavily wounded.
Natasha claws you but does no damage.
The cerulean imp hits you from afar with a +0 spear.
* * * LOW HITPOINT WARNING * * *
The goblin hits you but does no damage.
You closely miss Natasha.
Natasha is heavily wounded.
Natasha barely misses you.
The cerulean imp hits you but does no damage.
The goblin closely misses you.
You hit Natasha.
Natasha is heavily wounded.
Natasha stares at you and mumbles some strange words.
You feel yourself slow down.
The cerulean imp hits you but does no damage.
The goblin hits you but does no damage.
You closely miss Natasha.
Natasha is heavily wounded.
You have got your breath back.
Natasha mumbles some strange words.
The cerulean imp hits you from afar with a +0 spear.
* * * LOW HITPOINT WARNING * * *
The goblin hits you with a +0 dagger.
You die...

#...#......#
##...#......###
...............
..........!..
............
#.....5....
#..g.......
#..@h5.....
#.####.#... #.#
#### ###.#
...#########...#
..^............#
.......####....#
...###.# #.##.#
...# #.# #.##.#


You could see Natasha, 2 cerulean imps and a goblin.

Vanquished Creatures
  An adder (D:2)
  2 endoplasms (D:1)
  A giant cockroach (D:2)
  3 goblins (D:1)
  5 hobgoblins (D:1)
  2 jackals (D:1)
  2 quokkas (D:1)
  A ball python (D:1)
  2 bats (D:1)
  A frilled lizard (D:1)
  3 kobolds (D:1)
  3 rats (D:1)
26 creatures vanquished.

Notes
Turn   | Place    | Note
-------+----------+-------------------------------------------
     0 | D:1      | jimonade the Naga Warper began the quest for the Orb.
     0 | D:1      | Reached XP level 1. HP: 19/19 MP: 3/3
   279 | D:1      | Reached XP level 2. HP: 26/26 MP: 5/5
   780 | D:1      | Reached skill level 1 in Armour
   861 | D:1      | Reached XP level 3. HP: 30/33 MP: 6/6
  1254 | D:2      | Noticed Natasha
  1272 | D:2      | HP: 1/33 [cerulean imp/+0 spear[Natasha] (5)]
  1272 | D:2      | Slain by a goblin

Illustrated notes

Levels and vault maps discovered:
D:1:      tarquinn_simple_flora_water_b, layout_loops_ring,
          chequers_serial_rivers_micro_a
D:2:      layout_basic, serial_shops, nicolae_shop_just_a_little_nook,
          serial_park_tiny_pond, uniq_sigmund, uniq_natasha

Skill      XL: |  1  2 |
---------------+-------+-----
Armour         | 1 |  1.0
Fighting       | |  2.6
Polearms       | |  2.2
Throwing       | |  0.8
Dodging        | |  1.7
Stealth        | |  0.4
Spellcasting   | |  2.1
Translocations | |  3.4

Action                     || total
---------------------------++-------
  Melee: Spear             ||   126
         Punch             ||     1
Ability: Spit Poison       ||    11
 Armour: Leather armour    ||    32
  Dodge: Dodged            ||    55

Table legend: (Time is in decaauts)
 A = Elapsed time spent in this place.
 B = Non-inter-level travel time spent in this place.
 C = Inter-level travel time spent in this place.
 D = Time resting spent in this place.
 E = Time spent auto-exploring this place.
 F = Levels seen in this place.
 G = Mean time per level.
                   A        B        C        D        E       F      G
               +--------+--------+--------+--------+--------+-----+--------+
         Total |   1613 |   1503 |    110 |      0 |   1187 |   2 |  806.5 |
       Dungeon |   1613 |   1503 |    110 |      0 |   1187 |   2 |  806.5 |
               +--------+--------+--------+--------+--------+-----+--------+

Top non-repeatable levels by time:
     D:1: 1514 daAuts
     D:2: 98 daAuts
